 Dungeon Crawl Stone Soup version 0.26-a0-661-g406de6ba63 (webtiles) character file.

Game seed: 8242581519287693134

165 jiml777 the Grasshopper (level 5, -1/43 HPs)
             Began as a Gnoll Warper on Oct 8, 2020.
             Slain by Edmund
             ... wielding a +0 flail of protection
              (6 damage)
             ... on level 3 of the Dungeon.
             The game lasted 00:10:17 (2818 turns).

jiml777 the Grasshopper (Gnoll Warper)              Turns: 2818, Time: 00:10:17

Health: -1/43      AC:  6    Str: 14    XL:     5   Next: 46%
Magic:  12/12      EV: 13    Int: 16    God:
Gold:   145        SH:  0    Dex: 14    Spells: 12/14 levels left

rFire    . . .     SeeInvis .   a - +0 spear
rCold    + . .     Faith    .   (no shield)
rNeg     . . .     Spirit   .   s - +0 ring mail
rPois    .         Reflect  .   (no helmet)
rElec    .         Harm     .   (no cloak)
rCorr    .         Rampage  .   q - +0 pair of gloves
MR       .....                  (no boots)
Stlth    +.........             m - amulet of regeneration
HPRegen  0.54/turn              c - ring of protection from cold
MPRegen  0.13/turn              (no ring)

@: no status effects
A: distributed training, fangs 1, strong nose
a: no special abilities


You were on level 3 of the Dungeon.
You visited 1 branch of the dungeon, and saw 4 of its levels.

You collected 145 gold pieces.

Inventory:

Hand Weapons
 a - a +0 spear (weapon)
 l - a +0 flail of holy wrath
Missiles
 e - 5 boomerangs of dispersal
 g - 8 poisoned darts (quivered)
 j - 43 arrows
 w - 21 bolts
Armour
 b - a +0 leather armour
 q - a +0 pair of gloves (worn)
 s - a +0 ring mail (worn)
Jewellery
 c - a ring of protection from cold (left hand)
 m - an amulet of regeneration (around neck)
Wands
 r - a wand of polymorph (8)
Scrolls
 d - a scroll of blinking
 h - a scroll of remove curse
 p - 4 scrolls of teleportation
 u - a scroll of enchant armour {unknown}
Potions
 f - a potion of flight {unknown}
 i - a potion of might
 k - 3 potions of curing
 n - a potion of degeneration {unknown}
 o - a potion of magic {unknown}
 t - 2 potions of ambrosia
 v - a potion of berserk rage {unknown}


   Skills:
 + Level 4.8 Fighting
 + Level 1.5 Short Blades
 + Level 1.5 Long Blades
 + Level 1.5 Axes
 + Level 1.5 Maces & Flails
 + Level 4.8 Polearms
 + Level 1.5 Staves
 + Level 1.5 Slings
 + Level 1.5 Bows
 + Level 1.5 Crossbows
 + Level 3.0 Throwing
 + Level 3.0 Armour
 + Level 4.8 Dodging
 + Level 1.5 Stealth
 + Level 1.5 Shields
 + Level 1.5 Unarmed Combat
 + Level 5.2 Spellcasting
 + Level 1.2 Conjurations
 + Level 1.2 Hexes
 + Level 1.2 Summonings
 + Level 1.2 Necromancy
 + Level 5.5 Translocations
 + Level 1.2 Transmutations
 + Level 1.2 Fire Magic
 + Level 1.2 Ice Magic
 + Level 1.2 Air Magic
 + Level 1.2 Earth Magic
 + Level 1.2 Poison Magic
 + Level 1.7 Invocations
 + Level 1.5 Evocations


You had 12 spell levels left.
You knew the following spells:

 Your Spells              Type           Power        Failure   Level
a - Blink                 Tloc           N/A          4%          2

Your spell library contained the following spells:

 Spells                   Type           Power        Failure   Level
 Gell's Gravitas          Tloc           ###.......   9%          3
 Lesser Beckoning         Tloc           ###.......   9%          3
 Teleport Other           Tloc           ###.....     9%          3
 Foxfire                  Conj/Fire      #...         19%         1
 Passage of Golubria      Tloc           N/A          30%         4
 Conjure Flame            Conj/Fire      #.......     47%         3
 Inner Flame              Hex/Fire       #.......     47%         3
 Sticky Flame             Conj/Fire      #.......     87%         4
 Fireball                 Conj/Fire      #.........   99%         5


Dungeon Overview and Level Annotations

Branches:
Dungeon (4/15)
 Temple: D:4-7

Altars:
Okawaru

Annotations:
D:3 Edmund
D:4 2 transporters, Anno's ghost, amateur DDFi


Innate Abilities, Weirdness & Mutations

Your experience applies equally to all skills.
You have very sharp teeth.
Your uncanny sense of smell can sniff out nearby items.


Message History

Edmund hits you with a +0 flail of protection.
* * * LOW HITPOINT WARNING * * *
You barely miss Edmund.
Edmund is almost dead.
You closely miss Edmund.
Edmund is almost dead.
Edmund hits you but does no damage.
You hit Edmund but do no damage.
Edmund is almost dead.
Edmund misses you.
You hit Edmund but do no damage.
Edmund is almost dead.
You barely miss Edmund.
Edmund is almost dead.
Edmund hits you with a +0 flail of protection.
* * * LOW HITPOINT WARNING * * *
You hit Edmund but do no damage. Your bite misses Edmund.
Edmund is almost dead.
Edmund hits you with a +0 flail of protection.
You die...

#.......#
#.......##########
#..........##....#
#.......##.......###
#.......#####.......
#.......# #####...
#####..####### #...
#..........####...
#@.........##....#
#.@.....<.........
#..........##.#...
#####......##.#...
#.##...##.#...
##.##.#.##.#...
#..##.#....#...
#.#...###..#...
#.#.####.......


You could see Edmund.

Vanquished Creatures
  A worker ant (D:3)
  4 gnolls (D:2)
  4 adders
  A dart slug (D:2)
  A leopard gecko (D:1)
  6 orcs
  2 ball pythons
  4 giant cockroaches
  7 goblins
  5 hobgoblins
  A jackal (D:2)
  3 quokkas
  5 bats
  2 frilled lizards
  8 kobolds
  10 rats
64 creatures vanquished.

Vanquished Creatures (others)
  3 plants (D:1)
3 creatures vanquished.

Grand Total: 67 creatures vanquished

Notes
Turn   | Place    | Note
-------+----------+-------------------------------------------
     0 | D:1      | jiml777 the Gnoll Warper began the quest for the Orb.
     0 | D:1      | Reached XP level 1. HP: 20/20 MP: 6/6
   360 | D:1      | Reached XP level 2. HP: 17/26 MP: 7/7
  1097 | D:2      | Reached XP level 3. HP: 23/31 MP: 9/9
  1098 | D:2      | Reached skill level 5 in Spellcasting
  1200 | D:2      | Reached skill level 1 in Invocations
  1401 | D:2      | Reached skill level 1 in Short Blades
  1401 | D:2      | Reached skill level 1 in Long Blades
  1401 | D:2      | Reached skill level 1 in Axes
  1401 | D:2      | Reached skill level 1 in Maces & Flails
  1401 | D:2      | Reached skill level 1 in Staves
  1401 | D:2      | Reached skill level 1 in Slings
  1401 | D:2      | Reached skill level 1 in Bows
  1401 | D:2      | Reached skill level 1 in Crossbows
  1401 | D:2      | Reached skill level 1 in Stealth
  1401 | D:2      | Reached skill level 1 in Shields
  1401 | D:2      | Reached skill level 1 in Unarmed Combat
  1401 | D:2      | Reached skill level 1 in Evocations
  1671 | D:2      | Reached XP level 4. HP: 38/38 MP: 11/11
  1719 | D:2      | Reached skill level 1 in Conjurations
  1719 | D:2      | Reached skill level 1 in Hexes
  1719 | D:2      | Reached skill level 1 in Summonings
  1719 | D:2      | Reached skill level 1 in Necromancy
  1719 | D:2      | Reached skill level 1 in Transmutations
  1719 | D:2      | Reached skill level 1 in Fire Magic
  1719 | D:2      | Reached skill level 1 in Ice Magic
  1719 | D:2      | Reached skill level 1 in Air Magic
  1719 | D:2      | Reached skill level 1 in Earth Magic
  1719 | D:2      | Reached skill level 1 in Poison Magic
  1985 | D:3      | Learned a level 2 spell: Blink
  2122 | D:3      | Reached XP level 5. HP: 39/43 MP: 12/12
  2304 | D:3      | Found an iron altar of Okawaru.
  2476 | D:4      | Found a transporter.
  2476 | D:4      | Noticed Anno's ghost (amateur DDFi)
  2481 | D:4      | Found a transporter.
  2503 | D:4      | Noticed Edmund
  2818 | D:3      | Slain by Edmund

Illustrated notes

Levels and vault maps discovered:
D:1:      dpeg_arrival_round_b, layout_basic, kennysheep_flooded_box,
          chequers_big_river
D:2:      layout_loops_ring, kennysheep_generic_room_7
D:3:      layout_rooms, lemuel_coloured_pillars_altar
D:4:      layout_basic, kennysheep_mini, minmay_temple_entry_antechambers,
          gammafunk_ghost_mausoleum, makhleb_blood_cavern_becter, uniq_sigmund,
          uniq_edmund

Skill      XL: |  1  2  3  4  5 |
---------------+----------------+-----
Spellcasting   | 5 |  5.2
Invocations    | 1 |  1.7
Short Blades   | 1 |  1.5
Long Blades    | 1 |  1.5
Axes           | 1 |  1.5
Maces & Flails | 1 |  1.5
Staves         | 1 |  1.5
Slings         | 1 |  1.5
Bows           | 1 |  1.5
Crossbows      | 1 |  1.5
Stealth        | 1 |  1.5
Shields        | 1 |  1.5
Unarmed Combat | 1 |  1.5
Evocations     | 1 |  1.5
Conjurations   | 1 |  1.2
Hexes          | 1 |  1.2
Summonings     | 1 |  1.2
Necromancy     | 1 |  1.2
Transmutations | 1 |  1.2
Fire Magic     | 1 |  1.2
Ice Magic      | 1 |  1.2
Air Magic      | 1 |  1.2
Earth Magic    | 1 |  1.2
Poison Magic   | 1 |  1.2
Throwing       | 3 |  3.0
Armour         | 3 |  3.0
Fighting       | |  4.8
Polearms       | |  4.8
Dodging        | |  4.8
Translocations | |  5.5

Action                   |  1- 3 |  4- 6 || total
-------------------------+-------+-------++-------
Melee: Spear             |   138 |   252 ||   390
       Bite              |    17 |    34 ||    51
       Punch             |       |     3 ||     3
Throw: Dart              |       |     1 ||     1
 Cast: Blink             |       |     1 ||     1
  Use: Scroll            |     4 |     2 ||     6
       Potion            |       |     1 ||     1
 Stab: Sleeping          |     2 |     2 ||     4
Armor: Leather armour    |    26 |    14 ||    40
       Ring mail         |       |    25 ||    25
Dodge: Dodged            |   120 |   122 ||   242

Table legend: (Time is in decaauts)
 A = Elapsed time spent in this place.
 B = Non-inter-level travel time spent in this place.
 C = Inter-level travel time spent in this place.
 D = Time resting spent in this place.
 E = Time spent auto-exploring this place.
 F = Levels seen in this place.
 G = Mean time per level.
                   A        B        C        D        E       F      G
               +--------+--------+--------+--------+--------+-----+--------+
         Total |   2778 |   2753 |     25 |    292 |   1483 |   4 |  694.5 |
       Dungeon |   2778 |   2753 |     25 |    292 |   1483 |   4 |  694.5 |
               +--------+--------+--------+--------+--------+-----+--------+

Top non-repeatable levels by time:
     D:1: 1080 daAuts
     D:2: 880 daAuts
     D:3: 691 daAuts
     D:4: 126 daAuts
